 Dungeon Crawl Stone Soup version 0.31-a0-325-g067879e3d3 (webtiles) character file.

Game seed: 14975949391788740884

25 Ofeo the Changeling (level 2, 0/23 HPs)
             Began as a Demonspawn Shapeshifter on July 18, 2023.
             Succumbed to an adder's poison
             ... on level 2 of the Dungeon.
             The game lasted 00:01:00 (1735 turns).

Ofeo the Changeling (Demonspawn Shapeshifter)       Turns: 1735, Time: 00:01:01

Health: 0/23       AC:  2    Str: 13 (15) XL:     2   Next: 82%
Magic:  2/2        EV: 12    Int:  6 (9)  God:
Gold:   32         SH:  0    Dex: 10 (13) Spells: 1/1 levels left

rFire   . .          .
                       - Unarmed
rCold   . . .        (no shield)
rNeg    . . .        a - +0 animal skin
rPois   .            (helmet currently unavailable)
rElec   .            (cloak currently unavailable)
rCorr   .            (gloves currently unavailable)
SInv    .            (boots currently unavailable)
Will    .....        (no amulet)
Stlth   +            (no ring)
HPRegen 0.23/turn    (no ring)
MPRegen 0.08/turn

%: no passive effects
@: lethally poisoned (0 -> -3), beast-form, attractive
A: beast (slay +2), ignite blood 1
a: Begin Untransformation


You were on level 2 of the Dungeon.
You were a hulking beast.
You visited 1 branch of the dungeon, and saw 2 of its levels.

You collected 32 gold pieces.

Inventory:

Armour
 a - a +0 animal skin (worn)
 i - a +2 cloak
Jewellery
 e - an amulet of regeneration
Talismans
 c - a beast talisman
Scrolls
 d - a scroll of teleportation {unknown}
 f - a scroll of vulnerability {unknown}
 j - a scroll of revelation {unknown}
 l - a scroll of identify {unknown}
Potions
 b - a potion of lignification


   Skills:
 + Level 2.4 Fighting
 + Level 2.1 Dodging
 + Level 2.1 Unarmed Combat
 + Level 2.9 Shapeshifting


You had one spell level left.
You didn't know any spells.
Your spell library contained the following spells:

 Spells                   Type           Power      Damage    Failure   Level
 Vhi's Electric Charge    Tloc/Air       0%         N/A       83%         3
 Arcjolt                  Conj/Air       0%         1d10      100%        5
 Maxwell's Capacitive Co  Air            0%         ∞         100%        8


Dungeon Overview and Level Annotations

Branches:
Dungeon (2/15)

Altars:


Innate Abilities, Weirdness & Mutations

You are a hulking beast.
Your limbs bulge with bestial killing power. (Slay +2)
Your demonic aura sometimes causes spilled blood to erupt in flames.


Message History

The adder poisons you!
There is an open door here.
You take 1 damage, and have 12/23 hp.
You feel sick.
You take 2 damage, and have 10/23 hp.
You hit the endoplasm.
The endoplasm is moderately wounded.
You feel sick. The endoplasm barely misses you.
You take 1 damage, and have 9/23 hp.
You hit the endoplasm.
The endoplasm is almost dead.
You feel sick. The endoplasm closely misses you.
You hit the endoplasm.
You kill the endoplasm!
You feel sick.
You take 1 damage, and have 8/23 hp.
You hit the adder.
The adder is lightly wounded.
You feel sick.
You are no longer poisoned.
The adder bites you.
* * * LOW HITPOINT WARNING * * *
You are poisoned.
The adder poisons you! The adder bites you.
* * * LOW HITPOINT WARNING * * *
You take 6 damage, and have 2/23 hp.
MASSIVE DAMAGE!!
It was a potion of attraction.
You feel attractive to monsters.
* * * LOW HITPOINT WARNING * * *
You feel sick. The adder barely misses you.
You take 1 damage, and have 1/23 hp.
It was a potion of degeneration.
There was something very wrong with that liquid.
You feel weakened.
You feel dopey.
You feel clumsy.
* * * LOW HITPOINT WARNING * * *
You feel sick. The adder completely misses you.
It was a potion of cancellation.
Your magical effects are unravelling.
You feel magically purged.
You die...

#.......... #..........
#.......... #..........
#.......... #..........
#.......... ##S########
#h# #######.#######
#########..............
#.......#.#####........
#.#####.#.# #........
#.# #.#.# ######### #.#
#<#.# #.#######.#
#.........#


You could see an adder.

Vanquished Creatures
  A dart slug (D:1)
  A bat (D:1)
  5 endoplasms
  A giant cockroach (D:1)
  2 goblins (D:1)
  2 hobgoblins (D:1)
  2 kobolds (D:1)
  A ball python (D:1)
  A frilled lizard (D:1)
  5 rats (D:1)
21 creatures vanquished.

Notes
Turn   | Place    | Note
-------+----------+-------------------------------------------
     0 | D:1      | Ofeo the Demonspawn Shapeshifter began the quest for the
                  | Orb.
     0 | D:1      | Reached XP level 1. HP: 16/16 MP: 1/1
   344 | D:1      | Gained mutation: Your demonic aura sometimes causes spilled
                  | blood to erupt in flames. [demonic ancestry]
   344 | D:1      | Reached XP level 2. HP: 14/22 MP: 2/2
  1733 | D:2      | HP: 1/23 [poisoned by an adder]
  1735 | D:2      | Succumbed to an adder's poison

Illustrated notes

Levels and vault maps discovered:
D:1:      minmay_arrival_cross, layout_basic, chequers_serial_rivers_micro_a
D:2:      layout_basic

Skill      XL: |  1 |
---------------+----+-----
Unarmed Combat | 2 |  2.1
Dodging        | 2 |  2.1
Fighting       | |  2.4
Shapeshifting  | |  2.9

Action                     || total
---------------------------++-------
  Melee: Unarmed           ||    76
         Punch             ||     1
    Use: Potion            ||     3
 Armour: Animal skin       ||    13
  Dodge: Dodged            ||    35

Table legend: (Time is in decaauts)
 A = Elapsed time spent in this place.
 B = Non-inter-level travel time spent in this place.
 C = Inter-level travel time spent in this place.
 D = Time resting spent in this place.
 E = Time spent auto-exploring this place.
 F = Levels seen in this place.
 G = Mean time per level.
                   A        B        C        D        E       F      G
               +--------+--------+--------+--------+--------+-----+--------+
         Total |   1732 |   1633 |     99 |      0 |   1451 |   2 |  866.0 |
       Dungeon |   1732 |   1633 |     99 |      0 |   1451 |   2 |  866.0 |
               +--------+--------+--------+--------+--------+-----+--------+

Top non-repeatable levels by time:
     D:1: 1680 daAuts
     D:2: 52 daAuts
